AoeStats
← zisuku

Arena

512680359Analyzed
1v1 RM · 5d ago on Oct 10, 2026· 41m 52s· 2 players
Game mode
Random Map
Map size
Tiny (2 player)
Population
200
Speed
Normal
Resources
Standard
Victory
Conquest
Starting age
Dark Age
Ending age
Imperial Age
RankedLock teamsTeams togetherTeam positionsShared explorationLock speedFull tech treeHidden civsTurbo modeCheats
Victory
Defeat
🇷🇴 Ethiopians · Romania
1212
+14
vs
🇪🇸 Burgundians · Spain
1172
-14
espiritudelagua8
5:54 Double-Bit Axe
8:44 Horse Collar
11:41 Feudal Age
13:40 Wheelbarrow
13:51 Wheelbarrow
16:07 Castle Age
14:43 Bow Saw
14:47 Heavy Plow
15:10 Gold Mining
16:30 Hand Cart
20:43 Two-Man Saw
23:35 Loom
29:48 Imperial Age
27:59 Gold Shaft Mining
28:50 Forging
28:46 Scale Barding Armor
28:45 Husbandry
28:06 Cavalier
31:03 Conscription
31:36 Chain Barding Armor
32:30 Iron Casting
33:20 Plate Barding Armor
34:10 Hoardings
35:59 Blast Furnace
34:22 Paladin
39:29 Elite Coustillier
zisuku
10:46 Feudal Age
14:16 Castle Age
12:05 Double-Bit Axe
12:46 Horse Collar
15:31 Bow Saw
19:19 Heavy Plow
21:02 Loom
23:10 Wheelbarrow
23:29 Town Watch
24:13 Gold Mining
28:27 Imperial Age
26:38 Ballistics
26:33 Fletching
26:44 Padded Archer Armor
27:08 Hand Cart
27:03 Crossbowman
28:53 Gold Shaft Mining
28:10 Stone Mining
30:24 Chemistry
29:32 Siege Engineers
29:31 Bodkin Arrow
29:24 Arbalester
30:52 Thumb Ring
32:58 Conscription
32:43 Halberdier
33:35 Bracer
33:36 Scale Mail Armor
35:06 Leather Archer Armor
37:07 Squires
38:22 Chain Mail Armor
38:37 Ring Archer Armor
38:18 Forging
38:44 Masonry
39:29 Torsion Engines
Connection lost

Rejoining the realm…

Still unreachable

The connection could not be restored.

Session expired

The server has moved on; the page needs a fresh start.